| TOP OF THE 1ST |
|
Baltimore (APP) Orioles batting - Pitching for Orem Owlz : LHP Troy Trombino
|
|
Pitching: LHP Troy Trombino
|
|
|
Batting: LHB Edwin Cabral
|
0-0: Ball 1-0: Ground out U3 (Groundball, 3, EV 85.0 MPH)
|
|
Batting: RHB Johnny Lowe
|
0-0: Ball 1-0: Foul Ball, location: 2F 1-1: Called Strike 1-2: Ball 2-2: Foul Ball, location: 2F 2-2: SINGLE (Groundball, 56D, EV 98.8 MPH)
|
|
Batting: RHB Adam Hudson
|
0-0: Called Strike 0-1: Foul Ball, location: 2F 0-2: Fielders Choice at 2nd, 4-6 (Groundball, 34, EV 103.1 MPH)
|
|
Batting: RHB Michael Powell
|
0-0: Ball 1-0: Swinging Strike 1-1: Ball 2-1: Swinging Strike 2-2: Ball 3-2: Foul Ball, location: 2F 3-2: Foul Ball, location: 2F 3-2: Foul Ball, location: 2F 3-2: Base on Balls Adam Hudson to second
|
|
Batting: LHB Robert Ortiz
|
0-0: Ball 1-0: Called Strike 1-1: Ball 2-1: Ball 3-1: Base on Balls Adam Hudson to third Michael Powell to second
|
|
Batting: RHB Matt Wallace
|
0-0: Ball 1-0: Called Strike 1-1: Ball 2-1: Swinging Strike 2-2: Foul Ball, location: 2F 2-2: Ball 3-2: Strikes out swinging
|
| Top of the 1st over - 0 runs, 1 hit, 0 errors, 3 left on base; Baltimore (APP) 0 - Orem 0 |
| BOTTOM OF THE 1ST |
|
Orem Owlz batting - Pitching for Baltimore (APP) Orioles : RHP Bruce Yeager
|
|
Pitching: RHP Bruce Yeager
|
|
|
Batting: LHB David Coatney
|
0-0: Foul Ball, location: 2F 0-1: Fly out, F8 (Flyball, 78D, EV 104.4 MPH)
|
|
Batting: RHB Fred Saxton
|
0-0: Reached on error, E6 (Groundball, 6, EV 108.1 MPH)
|
|
Batting: SHB Manuel Martinez
|
0-0: Called Strike 0-1: Foul Ball, location: 2F 0-2: Ball Fred Saxton is caught stealing 2nd base 2-6 1-2: Strikes out swinging
|
| Bottom of the 1st over - 0 runs, 0 hits, 1 error, 0 left on base; Baltimore (APP) 0 - Orem 0 |
| TOP OF THE 2ND |
|
Baltimore (APP) Orioles batting - Pitching for Orem Owlz : LHP Troy Trombino
|
|
Batting: LHB Taylor Plummer
|
0-0: Called Strike 0-1: Swinging Strike 0-2: Ball 1-2: Strikes out swinging
|
|
Batting: RHB Pedro Luera
|
0-0: Ball 1-0: Ball 2-0: Called Strike 2-1: SOLO HOME RUN (Flyball, 78XD, EV 108.8 MPH), Distance : 416 ft
|
|
Batting: RHB Han Caspers
|
0-0: Swinging Strike 0-1: Ground out 5-3 (Groundball, 56, EV 106.2 MPH)
|
|
Batting: LHB Edwin Cabral
|
0-0: Ball 1-0: Foul Ball, location: 2F 1-1: Fly out, F7 (Line Drive, 78M, EV 93.8 MPH)
|
| Top of the 2nd over - 1 run, 1 hit, 0 errors, 0 left on base; Baltimore (APP) 1 - Orem 0 |
| BOTTOM OF THE 2ND |
|
Orem Owlz batting - Pitching for Baltimore (APP) Orioles : RHP Bruce Yeager
|
|
Batting: RHB Brian Spry
|
0-0: Foul Ball, location: 2F 0-1: Ball 1-1: Foul Ball, location: 2F 1-2: Foul Ball, location: 2F 1-2: Ball 2-2: Foul Ball, location: 2F 2-2: Foul Ball, location: 2F 2-2: Foul Ball, location: 2F 2-2: Ball 3-2: Base on Balls
|
|
Batting: RHB Daniel Molina
|
0-0: Called Strike Brian Spry is caught stealing 2nd base 2-4 0-1: Ball 1-1: Ball 2-1: Ball 3-1: SINGLE (Line Drive, 9S, EV 101.2 MPH)
|
|
Batting: RHB Shawn Jansen
|
0-0: Called Strike 0-1: Ball 1-1: SINGLE (Groundball, 6MD, EV 98.1 MPH) Daniel Molina to second Runner from 2nd tries for 3rd, SAFE, throw by CF made to third
|
|
Batting: RHB Jesse Sargent
|
0-0: Ball 1-0: Foul Ball, location: 2F 1-1: Foul Ball, location: 2F 1-2: Ball 2-2: Strikes out swinging
|
|
Batting: RHB Steve Neely
|
0-0: Called Strike 0-1: Foul Ball, location: 2F 0-2: Strikes out swinging
|
| Bottom of the 2nd over - 0 runs, 2 hits, 0 errors, 2 left on base; Baltimore (APP) 1 - Orem 0 |
| TOP OF THE 3RD |
|
Baltimore (APP) Orioles batting - Pitching for Orem Owlz : LHP Troy Trombino
|
|
Batting: RHB Johnny Lowe
|
0-0: Swinging Strike 0-1: Ball 1-1: Ball 2-1: Ball 3-1: Base on Balls
|
|
Batting: RHB Adam Hudson
|
0-0: Ball 1-0: Ball 2-0: Foul Ball, location: 2F 2-1: Ball 3-1: Base on Balls Johnny Lowe to second
|
|
Batting: RHB Michael Powell
|
0-0: Ball 1-0: Called Strike 1-1: Swinging Strike 1-2: Ground out 6-3 (Groundball, 6MS, EV 66.9 MPH) Johnny Lowe to third Adam Hudson to second
|
|
Batting: LHB Robert Ortiz
|
0-0: SINGLE (Groundball, 4MD, EV 103.1 MPH) Johnny Lowe scores Adam Hudson to third Runner from 3rd tries for Home, SAFE, throw by CF to home
|
|
Batting: RHB Matt Wallace
|
0-0: Ball 1-0: Reached on error, E6 (Groundball, 6, EV 105.0 MPH) Robert Ortiz to second
|
|
Batting: LHB Taylor Plummer
|
0-0: Called Strike 0-1: Swinging Strike 0-2: Ball 1-2: Ball 2-2: Fielders Choice at 2nd, 1-6 (Groundball, 13S, EV 69.4 MPH) Robert Ortiz to third
|
|
Batting: RHB Pedro Luera
|
0-0: Foul Ball, location: 2F 0-1: Swinging Strike 0-2: Ball 1-2: Ball 2-2: Fielders Choice at 2nd, 5-4 (Groundball, 56, EV 99.4 MPH)
|
| Top of the 3rd over - 2 runs, 1 hit, 1 error, 2 left on base; Baltimore (APP) 3 - Orem 0 |
| BOTTOM OF THE 3RD |
|
Orem Owlz batting - Pitching for Baltimore (APP) Orioles : RHP Bruce Yeager
|
|
Batting: RHB Carlos Gonzales
|
0-0: Ball 1-0: Fly out, F9 (Flyball, 89S, EV 87.5 MPH)
|
|
Batting: LHB David Coatney
|
0-0: Called Strike 0-1: Foul Ball, location: 2F 0-2: Ball 1-2: Foul Ball, location: 2F 1-2: DOUBLE (Line Drive, 7D, EV 94.4 MPH)
|
|
Batting: RHB Fred Saxton
|
0-0: Ball 1-0: Ball 2-0: Called Strike 2-1: Ground out 6-3 (Groundball, 6S, EV 80.6 MPH)
|
|
Batting: SHB Manuel Martinez
|
0-0: Ball 1-0: Ball 2-0: Called Strike 2-1: Ball 3-1: Foul Ball, location: 2F 3-2: Foul Ball, location: 2F 3-2: Base on Balls
|
|
Batting: RHB Brian Spry
|
0-0: Ball 1-0: Ball 2-0: Fielders Choice at 2nd, 6-4 (Groundball, 6, EV 89.4 MPH)
|
| Bottom of the 3rd over - 0 runs, 1 hit, 0 errors, 2 left on base; Baltimore (APP) 3 - Orem 0 |
| TOP OF THE 4TH |
|
Baltimore (APP) Orioles batting - Pitching for Orem Owlz : LHP Troy Trombino
|
|
Batting: RHB Han Caspers
|
0-0: Ball 1-0: Ball 2-0: Called Strike 2-1: Called Strike 2-2: Strikes out swinging
|
|
Batting: LHB Edwin Cabral
|
0-0: Ball 1-0: Ground out 1-3 (Groundball, 13S, EV 71.2 MPH)
|
|
Batting: RHB Johnny Lowe
|
0-0: Swinging Strike 0-1: Ball 1-1: Foul Ball, location: 2F 1-2: Foul Ball, location: 2F 1-2: Foul Ball, location: 2F 1-2: Ball 2-2: Ball 3-2: Base on Balls
|
|
Batting: RHB Adam Hudson
|
0-0: Foul Ball, location: 2F 0-1: Ball 1-1: Ball 2-1: Ball 3-1: Called Strike 3-2: 2-RUN HOME RUN (Flyball, 7D, EV 98.1 MPH), Distance : 376 ft
|
|
Pitching: RHP Arnold Frye
|
|
|
Batting: RHB Michael Powell
|
0-0: SINGLE (Groundball, 6D, EV 105.6 MPH)
|
|
Batting: LHB Robert Ortiz
|
0-0: Ball Michael Powell steals 2nd, throwing error, E2 Michael Powell to third 1-0: Reached on error, E4 (Groundball, 4, EV 86.9 MPH) Michael Powell scores
|
|
Batting: RHB Matt Wallace
|
0-0: Called Strike 0-1: SINGLE (Groundball, 56D, EV 107.5 MPH) Robert Ortiz to third
|
|
Batting: LHB Taylor Plummer
|
0-0: DOUBLE (Flyball, 78D, EV 105.6 MPH) Robert Ortiz scores Matt Wallace to third Runner from 3rd tries for Home, SAFE, throw by LF to home
|
|
Batting: RHB Pedro Luera
|
0-0: Called Strike 0-1: Foul Ball, location: 2F 0-2: Ball 1-2: Ball 2-2: Foul Ball, location: 2F 2-2: DOUBLE (Line Drive, 89D, EV 102.5 MPH) Taylor Plummer scores
|
|
Pitching: RHP Carlos Olbera
|
|
|
Batting: RHB Han Caspers
|
0-0: Called Strike 0-1: Swinging Strike 0-2: Ball 1-2: Foul Ball, location: 2F 1-2: Foul Ball, location: 2F 1-2: Ball 2-2: Strikes out looking
|
| Top of the 4th over - 6 runs, 5 hits, 2 errors, 1 left on base; Baltimore (APP) 9 - Orem 0 |
| BOTTOM OF THE 4TH |
|
Orem Owlz batting - Pitching for Baltimore (APP) Orioles : RHP Bruce Yeager
|
|
Batting: RHB Daniel Molina
|
0-0: SINGLE (Groundball, 56D, EV 98.1 MPH)
|
|
Batting: RHB Shawn Jansen
|
0-0: Swinging Strike 0-1: Called Strike 0-2: Ball Wild Pitch! Daniel Molina to second 1-2: Ground out 5-3 (Groundball, 5, EV 93.8 MPH)
|
|
Batting: RHB Jesse Sargent
|
0-0: Called Strike 0-1: Ball 1-1: SINGLE (Flyball, 7LS, EV 96.9 MPH) Daniel Molina to third
|
|
Batting: RHB Steve Neely
|
0-0: Called Strike 0-1: Fly out, F3 (Popup, 3SF, EV 71.9 MPH)
|
|
Batting: RHB Carlos Gonzales
|
0-0: Ground out 3-1 (Groundball, 34, EV 82.5 MPH)
|
| Bottom of the 4th over - 0 runs, 2 hits, 0 errors, 2 left on base; Baltimore (APP) 9 - Orem 0 |
| TOP OF THE 5TH |
|
Baltimore (APP) Orioles batting - Pitching for Orem Owlz : RHP Carlos Olbera
|
|
Batting: LHB Edwin Cabral
|
0-0: Ball 1-0: Called Strike 1-1: Swinging Strike 1-2: Foul Ball, location: 2F 1-2: Strikes out looking
|
|
Batting: RHB Johnny Lowe
|
0-0: Ball 1-0: Foul Ball, location: 2F 1-1: Ball 2-1: Ball 3-1: Foul Ball, location: 2F 3-2: Base on Balls
|
|
Batting: RHB Adam Hudson
|
0-0: Hit by Pitch Johnny Lowe to second
|
|
Batting: RHB Michael Powell
|
0-0: Called Strike 0-1: Ball 1-1: Swinging Strike 1-2: Ball 2-2: Ball 3-2: Grounds into double play, 5-4-3 (Groundball, 56, EV 108.8 MPH)
|
| Top of the 5th over - 0 runs, 0 hits, 0 errors, 1 left on base; Baltimore (APP) 9 - Orem 0 |
| BOTTOM OF THE 5TH |
|
Orem Owlz batting - Pitching for Baltimore (APP) Orioles : RHP Bruce Yeager
|
|
Batting: LHB David Coatney
|
0-0: Foul Ball, location: 2F 0-1: Foul Ball, location: 2F 0-2: Foul Ball, location: 2F 0-2: Ball 1-2: Ground out U3 (Groundball, 3L, EV 107.5 MPH)
|
|
Batting: RHB Fred Saxton
|
0-0: Called Strike 0-1: Swinging Strike 0-2: Ball 1-2: Foul Ball, location: 2F 1-2: SINGLE (Line Drive, 78S, EV 90.6 MPH)
|
|
Batting: SHB Manuel Martinez
|
0-0: Called Strike 0-1: Foul Ball, location: 2F 0-2: Strikes out looking Fred Saxton is caught stealing 2nd base 2-6 Batter strikes out.
|
| Bottom of the 5th over - 0 runs, 1 hit, 0 errors, 0 left on base; Baltimore (APP) 9 - Orem 0 |
| TOP OF THE 6TH |
|
Baltimore (APP) Orioles batting - Pitching for Orem Owlz : RHP Carlos Olbera
|
|
Batting: LHB Robert Ortiz
|
0-0: Called Strike 0-1: Ball 1-1: Ball 2-1: Called Strike 2-2: SINGLE (Groundball, 13S, EV 65.6 MPH) (infield hit)
|
|
Pitching: RHP Dean Aspden
|
|
|
Batting: RHB Matt Wallace
|
0-0: Swinging Strike 0-1: Ball 1-1: Foul Ball, location: 2F 1-2: TRIPLE (Flyball, 89XD, EV 102.5 MPH) Robert Ortiz scores
|
|
Batting: LHB Taylor Plummer
|
0-0: Swinging Strike 0-1: Called Strike 0-2: Hit by Pitch
|
|
Batting: RHB Pedro Luera
|
0-0: Called Strike 0-1: Ball 1-1: SINGLE (Groundball, 4MD, EV 103.8 MPH) Matt Wallace scores Taylor Plummer to second
|
|
Batting: RHB Han Caspers
|
0-0: Called Strike 0-1: Grounds into double play, 4-6-3 (Groundball, 4, EV 79.4 MPH) Taylor Plummer to third
|
|
Batting: LHB Edwin Cabral
|
0-0: Called Strike 0-1: TRIPLE (Flyball, 78XD, EV 96.9 MPH) Taylor Plummer scores
|
|
Batting: RHB Johnny Lowe
|
0-0: Ball 1-0: Ball 2-0: Ball 3-0: Called Strike 3-1: Fly out, F9 (Line Drive, 89D, EV 86.2 MPH)
|
| Top of the 6th over - 3 runs, 4 hits, 0 errors, 1 left on base; Baltimore (APP) 12 - Orem 0 |
| BOTTOM OF THE 6TH |
|
Orem Owlz batting - Pitching for Baltimore (APP) Orioles : RHP Bruce Yeager
|
|
Batting: RHB Brian Spry
|
0-0: Called Strike 0-1: Ball 1-1: Foul Ball, location: 2F 1-2: Foul Ball, location: 2F 1-2: Ball 2-2: Ball 3-2: Foul Ball, location: 2F 3-2: Base on Balls
|
|
Batting: RHB Daniel Molina
|
0-0: Called Strike 0-1: Called Strike 0-2: Ball 1-2: Strikes out swinging
|
|
Batting: RHB Shawn Jansen
|
0-0: Grounds into double play, 5-4-3 (Groundball, 5, EV 85.6 MPH)
|
| Bottom of the 6th over - 0 runs, 0 hits, 0 errors, 0 left on base; Baltimore (APP) 12 - Orem 0 |
| TOP OF THE 7TH |
|
Baltimore (APP) Orioles batting - Pitching for Orem Owlz : RHP Dean Aspden
|
|
Pinch Hitting: RHB Willie Carmona
|
0-0: Called Strike 0-1: Swinging Strike 0-2: Strikes out swinging
|
|
Batting: RHB Michael Powell
|
0-0: Called Strike 0-1: Ball 1-1: Ball 2-1: Foul Ball, location: 2F 2-2: Ball 3-2: Base on Balls
|
|
Pinch Hitting: LHB Mike Murphy
|
0-0: Ball Pickoff Throw by Catcher to First - Out! 1-0: Reached on error, E8 (Flyball, 8RD, EV 101.9 MPH)
|
|
Batting: RHB Matt Wallace
|
0-0: Called Strike 0-1: Foul Ball, location: 2F 0-2: SINGLE (Flyball, 8LS, EV 93.1 MPH) Mike Murphy to third
|
|
Batting: LHB Taylor Plummer
|
0-0: Called Strike 0-1: Swinging Strike 0-2: Reached via error on a dropped throw from P, E3 (Groundball, P, EV 66.2 MPH) Mike Murphy scores Matt Wallace to second
|
|
Batting: RHB Pedro Luera
|
0-0: Ground out U3 (Groundball, 34, EV 90.6 MPH)
|
| Top of the 7th over - 1 run, 1 hit, 2 errors, 2 left on base; Baltimore (APP) 13 - Orem 0 |
| BOTTOM OF THE 7TH |
|
Orem Owlz batting - Pitching for Baltimore (APP) Orioles : RHP Bruce Yeager
|
|
Now at 1B: Willie Carmona
|
|
|
Now in RF: Mike Murphy
|
|
|
Batting: RHB Jesse Sargent
|
0-0: Foul Ball, location: 2F 0-1: Ball 1-1: Ball 2-1: Ground out 6-3 (Groundball, 6, EV 105.0 MPH)
|
|
Pinch Hitting: SHB Cesar Carrasquillo
|
0-0: Called Strike 0-1: Ball 1-1: Foul Ball, location: 2F 1-2: Reached on error, E3 (Groundball, 3, EV 85.0 MPH)
|
|
Pitching: RHP Dave Shenton
|
|
|
Pinch Hitting: RHB Ken Hillman
|
0-0: Called Strike 0-1: Ball 1-1: Swinging Strike 1-2: Foul Ball, location: 2F 1-2: Ball 2-2: Foul Ball, location: 2F 2-2: Ball 3-2: Foul Ball, location: 2F 3-2: SINGLE (Groundball, 6MS, EV 75.6 MPH) (infield hit) Cesar Carrasquillo to second
|
|
Batting: LHB David Coatney
|
0-0: Called Strike 0-1: Called Strike 0-2: Ball 1-2: Hit by Pitch Cesar Carrasquillo to third Ken Hillman to second
|
|
Batting: RHB Fred Saxton
|
0-0: Called Strike 0-1: Fly out, F7 (Line Drive, 7S, EV 91.2 MPH)
|
|
Batting: SHB Manuel Martinez
|
0-0: Ball 1-0: Ball 2-0: Called Strike 2-1: Foul Ball, location: 2F 2-2: Ball 3-2: Base on Balls Cesar Carrasquillo scores Ken Hillman to third David Coatney to second
|
|
Pinch Hitting: RHB Mark Squires
|
0-0: Called Strike 0-1: GRAND SLAM HOME RUN (Flyball, 8LXD, EV 115.6 MPH), Distance : 437 ft
|
|
Pitching: RHP Adam Savage
|
|
|
Batting: RHB Daniel Molina
|
0-0: Ball 1-0: Called Strike 1-1: Ball 2-1: Foul Ball, location: 2F 2-2: Strikes out looking
|
| Bottom of the 7th over - 5 runs, 2 hits, 1 error, 0 left on base; Baltimore (APP) 13 - Orem 5 |
| TOP OF THE 8TH |
|
Baltimore (APP) Orioles batting - Pitching for Orem Owlz : RHP Dean Aspden
|
|
Pitching: RHP Michael Coleman
|
|
|
Now at 1B: Cesar Carrasquillo
|
|
|
Now in CF: Brendan Garoutte
|
|
|
Now in RF: Kevin Feldman
|
|
|
Batting: RHB Han Caspers
|
0-0: Ball 1-0: Swinging Strike 1-1: Ball 2-1: Called Strike 2-2: Ball 3-2: Base on Balls
|
|
Batting: LHB Edwin Cabral
|
0-0: Ball 1-0: Ball 2-0: Ball 3-0: Called Strike 3-1: Foul Ball, location: 2F 3-2: Foul Ball, location: 2F 3-2: Ground out 5-3 (Groundball, 5, EV 102.5 MPH) Han Caspers to second
|
|
Batting: RHB Johnny Lowe
|
0-0: Foul Ball, location: 2F 0-1: Ball 1-1: Ball 2-1: Ball 3-1: Base on Balls
|
|
Pinch Hitting: RHB Javier Brizuela
|
0-0: Foul Ball, location: 2F 0-1: Swinging Strike 0-2: Fly out, F8 (Flyball, 8RD, EV 95.6 MPH)
|
|
Batting: RHB Michael Powell
|
0-0: Foul Ball, location: 2F 0-1: Called Strike 0-2: Ball 1-2: Fly out, F3 (Popup, 23F, EV 84.4 MPH)
|
| Top of the 8th over - 0 runs, 0 hits, 0 errors, 2 left on base; Baltimore (APP) 13 - Orem 5 |
| BOTTOM OF THE 8TH |
|
Orem Owlz batting - Pitching for Baltimore (APP) Orioles : RHP Adam Savage
|
|
Now at 1B: David Gomez
|
|
|
Batting: RHB Shawn Jansen
|
0-0: Ground out 5-3 (Groundball, 56S, EV 80.6 MPH)
|
|
Batting: RHB Jesse Sargent
|
0-0: Called Strike 0-1: Ball 1-1: Ground out 6-3 (Groundball, 6M, EV 98.1 MPH)
|
|
Batting: SHB Cesar Carrasquillo
|
0-0: Called Strike 0-1: Ground out 3-1 (Groundball, 34, EV 78.1 MPH)
|
| Bottom of the 8th over - 0 runs, 0 hits, 0 errors, 0 left on base; Baltimore (APP) 13 - Orem 5 |
| TOP OF THE 9TH |
|
Baltimore (APP) Orioles batting - Pitching for Orem Owlz : RHP Michael Coleman
|
|
Pinch Hitting: SHB Shannon Britten
|
0-0: Called Strike 0-1: Ball 1-1: Ball 2-1: SINGLE (Line Drive, 6M, EV 110.6 MPH)
|
|
Pitching: RHP Jerry Romero
|
|
|
Batting: RHB Matt Wallace
|
0-0: Fly out, F8 (Flyball, 8RD, EV 97.5 MPH)
|
|
Batting: LHB Taylor Plummer
|
0-0: Called Strike 0-1: SINGLE (Groundball, 4MD, EV 106.9 MPH) Shannon Britten to second
|
|
Batting: RHB Pedro Luera
|
0-0: Ball 1-0: Called Strike 1-1: Ball 2-1: Swinging Strike 2-2: Strikes out swinging
|
|
Batting: RHB Han Caspers
|
0-0: Foul Ball, location: 2F 0-1: Fly out, F4 (Line Drive, 4, EV 71.2 MPH)
|
| Top of the 9th over - 0 runs, 2 hits, 0 errors, 2 left on base; Baltimore (APP) 13 - Orem 5 |
| BOTTOM OF THE 9TH |
|
Orem Owlz batting - Pitching for Baltimore (APP) Orioles : RHP Adam Savage
|
|
Now in RF: Jeff Parlo
|
|
|
Batting: RHB Brendan Garoutte
|
0-0: Foul Ball, location: 2F 0-1: Ball 1-1: Ground out 6-3 (Groundball, 6, EV 102.5 MPH)
|
|
Batting: LHB David Coatney
|
0-0: Called Strike 0-1: Ball 1-1: SINGLE (Line Drive, 34D, EV 98.8 MPH)
|
|
Batting: RHB Fred Saxton
|
0-0: Swinging Strike 0-1: Swinging Strike 0-2: Ball 1-2: Ball 2-2: Strikes out swinging
|
|
Batting: SHB Manuel Martinez
|
0-0: Called Strike 0-1: Foul Ball, location: 2F 0-2: Strikes out swinging
|
| Bottom of the 9th over - 0 runs, 1 hit, 0 errors, 1 left on base; Baltimore (APP) 13 - Orem 5 |
|